[Event "fics rated crazyhouse match"]
[Site "fics, Oklahoma City, OK USA"]
[Date "2000.02.18"]
[White "spurs"]
[WhiteElo "2313"]
[Black "pminear"]
[BlackElo "2447"]
[TimeControl "60+0"]
[Result "0-1"]

1. d4 e6 2. Nf3 Nc6 3. Bg5 Be7 4. Bxe7 Qxe7 5. e4 d5 6. Nc3 
B@g6 7. exd5 exd5+ 8. P@e5 P@e4 9. Nd2 Nxd4 10. Bb5+ P@c6 11. Nxd5 Qxe5 
12. Bc4 cxd5 13. O-O P@h3 14. B@g3 Qe7 15. Bxd5 hxg2 16. Re1 N@f3+ 17. Nxf3 
Nxf3+ 18. Kxg2 P@h3+ 19. Kf1 N@d2+ 20. Ke2 Bg4 21. N@e3 Nxe1+ 22. Kxd2 Bxd1 
23. Rxd1 Nf3+ 24. Kc1 R@a1+ 25. B@b1 Rd8 26. P@c4 Nf6 27. P@c6 Nxd5 28. Nxd5 
Rxd5 29. cxd5 N@e2# 
{spurs checkmated} 0-1

[Event "fics rated crazyhouse match"]
[Site "fics, Oklahoma City, OK USA"]
[Date "2000.02.18"]
[White "pminear"]
[WhiteElo "2452"]
[Black "spurs"]
[BlackElo "2308"]
[TimeControl "60+0"]
[Result "1-0"]

1. e4 e6 2. Nc3 d5 3. exd5 exd5 4. Bb5+ Nc6 5. Qe2+ Be7 6. Nf3 
Nf6 7. Ne5 Bd7 8. Bxc6 Bxc6 9. Nxf7 Kxf7 10. N@e5+ Kf8 11. P@h6 Rg8 
12. P@f7 Rh8 13. hxg7+ Kxg7 14. d4 h5 15. P@h6+ Rxh6 16. Bxh6+ Kxh6 17. R@g6+ 
Kh7 18. Nxc6 B@g4 19. Rxg4 bxc6 20. B@f5+ Kh8 21. B@g7# 
{spurs checkmated} 1-0

[Event "fics rated crazyhouse match"]
[Site "fics, Oklahoma City, OK USA"]
[Date "2000.02.18"]
[White "spurs"]
[WhiteElo "2303"]
[Black "pminear"]
[BlackElo "2457"]
[TimeControl "60+0"]
[Result "0-1"]

1. d4 e6 2. Nf3 Nc6 3. Bg5 Be7 4. Bxe7 Qxe7 5. e4 B@g4 6. Bb5 
d5 7. e5 Bxf3 8. Qxf3 Bd7 9. Bxc6 Bxc6 10. N@h5 B@h6 11. B@f6 gxf6 
12. exf6 Nxf6 13. Nxf6+ Kd8 14. Nh5 B@e4 15. B@f6 Bxf3 16. Bxe7+ Kc8 17. gxf3 
P@d2+ 18. Nxd2 Bxd2+ 19. Kd1 Bh6 20. Bc5 Q@d2# 
{spurs checkmated} 0-1

[Event "fics rated crazyhouse match"]
[Site "fics, Oklahoma City, OK USA"]
[Date "2000.02.18"]
[White "pminear"]
[WhiteElo "2462"]
[Black "spurs"]
[BlackElo "2298"]
[TimeControl "60+0"]
[Result "1-0"]

1. e4 e6 2. Nc3 d5 3. exd5 exd5 4. Bb5+ Nc6 5. Qe2+ Be7 6. Nf3 
Nf6 7. Ne5 Bd7 8. Bxc6 bxc6 9. Nxf7 Kxf7 10. N@e5+ Kf8 11. d4 Bb4 
12. P@h6 Rg8 13. P@f7 Rh8 14. hxg7+ Kxg7 15. P@h6+ Kf8 16. a3 Bxc3+ 17. bxc3 
N@f5 18. B@b7 P@d6 19. Nxd7+ Qxd7 20. Bxa8 B@e4 21. B@g7+ Nxg7 22. hxg7+ Kxg7 
23. Bg5 B@e7 24. Bxf6+ Bxf6 25. N@h5+ Kxf7 26. Nxf6 Kxf6 27. N@h5+ Ke7 28. B@f6+ 
Ke8 29. Bxh8 P@d2+ 30. Kxd2 N@c4+ 31. Ke1 P@d2+ 32. Qxd2 Nxd2 33. Nf6+ Kd8 
34. R@b8+ N@c8 35. P@e7+ Kxe7 36. R@e8+ Qxe8 37. Nxd5+ cxd5 38. Bf6+ Kxf6 39. P@g5+ 
Kxg5 40. h4# 
{spurs forfeits on time} 1-0

[Event "fics rated crazyhouse match"]
[Site "fics, Oklahoma City, OK USA"]
[Date "2000.02.18"]
[White "spurs"]
[WhiteElo "2294"]
[Black "pminear"]
[BlackElo "2467"]
[TimeControl "60+0"]
[Result "0-1"]

1. d4 e6 2. Nf3 Nf6 3. Nc3 Be7 4. e4 d5 5. exd5 Nxd5 6. Bb5+ 
Bd7 7. Nxd5 exd5 8. Bxd7+ Nxd7 9. O-O B@h5 10. N@e5 Nxe5 11. dxe5 P@e4 
12. e6 exf3 13. P@d7+ Kf8 14. B@h6 Rg8 15. Bxg7+ Rxg7 16. Bh6 N@h3+ 17. Kh1 
fxg2# 
{spurs checkmated} 0-1

[Event "fics rated crazyhouse match"]
[Site "fics, Oklahoma City, OK USA"]
[Date "2000.02.18"]
[White "pminear"]
[WhiteElo "2471"]
[Black "spurs"]
[BlackElo "2290"]
[TimeControl "60+0"]
[Result "1-0"]

1. e4 e6 2. Nc3 d5 3. exd5 exd5 4. Nf3 d4 5. Ne4 Bf5 6. Ng3 
Bg4 7. Be2 Nf6 8. Ne5 Bxe2 9. Qxe2 Be7 10. P@e6 fxe6 11. B@f7+ Kf8 
12. Bxe6 Nc6 13. Nf7 d3 14. Nxd8 Nxd8 15. P@h6 dxe2 16. hxg7+ Kxg7 17. Nf5+ 
Kg6 18. Q@h6# 
{spurs checkmated} 1-0

[Event "fics rated crazyhouse match"]
[Site "fics, Oklahoma City, OK USA"]
[Date "2000.02.18"]
[White "spurs"]
[WhiteElo "2286"]
[Black "pminear"]
[BlackElo "2475"]
[TimeControl "60+0"]
[Result "0-1"]

1. d4 Nf6 2. Bg5 Ne4 3. Bf6 exf6 4. Nf3 d5 5. e3 Nxf2 6. Kxf2 
B@g4 7. Bb5+ Bcd7 8. Be2 Bxf3 9. Bxf3 P@e4 10. Bg4 Bxg4 11. Qxg4 B@d7 
12. Qe2 N@g4+ 13. Kf1 Nc6 14. B@g3 h5 15. Nc3 h4 16. Bf2 Nxf2 17. Qxf2 
h3 18. gxh3 Bxh3+ 19. Ke1 B@f3 20. Rg1 Bhg4 21. P@e2 P@g2 22. exf3 exf3 
23. B@g3 Bd6 24. Nxd5 Bxg3 25. Qxg3 Qxd5 26. Qxc7 B@a5+ 27. Qxa5 Qxa5+ 28. Kf2 
N@e4# 
{spurs checkmated} 0-1

[Event "fics rated crazyhouse match"]
[Site "fics, Oklahoma City, OK USA"]
[Date "2000.02.18"]
[White "pminear"]
[WhiteElo "2479"]
[Black "spurs"]
[BlackElo "2282"]
[TimeControl "60+0"]
[Result "0-1"]

1. e4 e6 2. Nc3 d5 3. exd5 exd5 4. Bb5+ Nc6 5. Qe2+ Qe7 6. Nf3 
Qxe2+ 7. Nxe2 Nf6 8. Ned4 Bd7 9. Q@e2+ P@e4 10. Bxc6 bxc6 11. Ne5 Bc5 
12. Nxd7 Nxd7 13. Nxc6 N@f4 14. Qg4 Nxg2+ 15. Qxg2 B@f3 16. Qxf3 exf3 17. B@d3 
P@e2 18. N@e3 Bxe3 19. N@c3 Bxf2+ 20. Kxf2 Q@g2+ 21. Ke3 P@f4+ 22. Kd4 Q@c5# 
{pminear checkmated} 0-1

[Event "fics rated crazyhouse match"]
[Site "fics, Oklahoma City, OK USA"]
[Date "2000.02.18"]
[White "spurs"]
[WhiteElo "2294"]
[Black "pminear"]
[BlackElo "2467"]
[TimeControl "60+0"]
[Result "0-1"]

1. d4 e6 2. Nf3 Nf6 3. Bg5 Be7 4. Nc3 Nc6 5. e4 d5 6. Bxf6 
Bxf6 7. exd5 exd5 8. Bb5 B@b4 9. Bxc6+ bxc6 10. P@e5 Bg5 11. N@h5 B@h6 
12. Nxg5 Qxg5 13. Nxg7+ Qxg7 14. B@f6 Qxg2 15. Rf1 P@d2+ 16. Ke2 N@c1+ 17. Rxc1 
dxc1=N+ 18. Qxc1 Bxc1 19. N@g7+ Kd7 20. Rxc1 Q@f3+ 21. Ke1 Qfxf2+ 22. Kd1 Qd2# 
{spurs checkmated} 0-1

[Event "fics rated crazyhouse match"]
[Site "fics, Oklahoma City, OK USA"]
[Date "2000.02.18"]
[White "pminear"]
[WhiteElo "2471"]
[Black "spurs"]
[BlackElo "2290"]
[TimeControl "60+0"]
[Result "0-1"]

1. e4 e6 2. Nc3 d5 3. exd5 exd5 4. Bb5+ P@c6 5. Qe2+ Be7 6. Bd3 
Nf6 7. P@e5 Nfd7 8. e6 fxe6 9. Qxe6 Rf8 10. Bxh7 P@f7 11. Qe2 d4 
12. Ne4 Ne5 13. d3 Bg4 14. P@f3 Be6 15. Bf4 Nbd7 16. Bxe5 Nxe5 17. N@h5 
Bf6 18. Nexf6+ gxf6 19. P@g7 B@a5+ 20. B@d2 Bxd2+ 21. Qxd2 Kd7 22. gxf8=Q Qxf8 
23. Nxf6+ Ke7 24. Ng8+ Qxg8 25. Bxg8 Rxg8 26. B@g5+ Rxg5 27. Qxg5+ P@f6 28. Qxe5 
fxe5 29. P@f6+ Kd6 30. Q@b4+ c5 31. N@e4+ Kd7 32. R@e7+ Kd8 
{pminear forfeits on time} 0-1

[Event "fics rated crazyhouse match"]
[Site "fics, Oklahoma City, OK USA"]
[Date "2000.02.18"]
[White "spurs"]
[WhiteElo "2302"]
[Black "pminear"]
[BlackElo "2459"]
[TimeControl "60+0"]
[Result "0-1"]

1. d4 Nf6 2. Nf3 e6 3. Nc3 Be7 4. e4 Nc6 5. Bb5 d5 6. Bxc6+ 
bxc6 7. exd5 exd5 8. Bg5 B@g4 9. Bxf6 Bxf6 10. P@e5 Bg5 11. O-O P@e4 
12. Nxg5 Bxd1 13. Nxf7 Kxf7 14. Raxd1 B@h3 15. B@h5+ Kf8 16. P@f6 gxf6 17. B@h6+ 
P@g7 18. Bxg7+ Kxg7 19. exf6+ Qxf6 20. P@e5 Q@h1+ 21. Kxh1 Bxg2+ 22. Kxg2 B@f3+ 
23. Kg3 Qg5+ 24. P@g4 P@f4+ 25. Kh3 Bcxg4+ 26. Bxg4 Qxg4# 
{spurs checkmated} 0-1

[Event "fics rated crazyhouse match"]
[Site "fics, Oklahoma City, OK USA"]
[Date "2000.02.18"]
[White "spurs"]
[WhiteElo "2293"]
[Black "pminear"]
[BlackElo "2468"]
[TimeControl "60+0"]
[Result "0-1"]

1. d4 d5 2. Bg5 Nf6 3. Bxf6 exf6 4. Nc3 Bb4 5. e3 B@a5 6. Ne2 
Bxc3+ 7. Nxc3 N@e4 8. B@d2 Nxd2 9. Qxd2 Bxc3 10. Qxc3 N@e4 11. Qd3 B@d2+ 
12. Kd1 Nxf2+ 13. Kxd2 Nxd3 14. Bxd3 P@c4 15. Be2 Bf5 16. N@g3 Bxc2 17. Kxc2 
P@d3+ 18. Kd2 Q@c2+ 19. Ke1 dxe2 20. N@f5 B@f8 21. N@h5 Qxb2 22. Nhxg7+ Bxg7 
23. Nxg7+ Kd7 24. B@h3+ P@e6 25. Nxe6 N@d3# 
{spurs checkmated} 0-1

[Event "fics rated crazyhouse match"]
[Site "fics, Oklahoma City, OK USA"]
[Date "2000.02.18"]
[White "pminear"]
[WhiteElo "2472"]
[Black "spurs"]
[BlackElo "2289"]
[TimeControl "60+0"]
[Result "0-1"]

1. e4 d5 2. exd5 Qxd5 3. Nc3 Qd8 4. d4 Nf6 5. Nf3 Bg4 6. Be2 
e6 7. Ne5 Bb4 8. Nxg4 Bxc3+ 9. bxc3 Nxg4 10. Bxg4 N@h4 11. B@f3 P@f5 
12. Bh3 Nxf3+ 13. gxf3 N@h4 14. Rg1 B@e4 15. fxe4 fxe4 16. P@e2 P@f3 17. B@g5 
fxe2 18. Qxe2 Nf3+ 19. Qxf3 exf3 20. B@b5+ Nc6 21. Bxd8 Rxd8 22. Q@e3 P@e2 
23. Bxe6 Q@d1# 
{pminear checkmated} 0-1

[Event "fics rated crazyhouse match"]
[Site "fics, Oklahoma City, OK USA"]
[Date "2000.02.18"]
[White "spurs"]
[WhiteElo "2301"]
[Black "pminear"]
[BlackElo "2460"]
[TimeControl "60+0"]
[Result "0-1"]

1. d4 Nf6 2. Nc3 e6 3. e4 Bb4 4. e5 Ne4 5. Bd2 Nxd2 6. Qxd2 
Bxc3 7. Qxc3 N@e4 8. Qd3 d5 9. exd6 Nxd6 10. B@e5 f6 11. N@h5 B@h6 
12. Bxf6 gxf6 13. Nxf6+ Qxf6 14. P@e5 P@d2+ 15. Kd1 Qxf2 16. Nf3 N@e3+ 17. Qxe3 
Qxe3 18. N@f6+ Kd8 19. Be2 Q@c1+ 20. Rxc1 dxc1=Q# 
{spurs checkmated} 0-1

[Event "fics rated crazyhouse match"]
[Site "fics, Oklahoma City, OK USA"]
[Date "2000.02.18"]
[White "pminear"]
[WhiteElo "2465"]
[Black "spurs"]
[BlackElo "2296"]
[TimeControl "60+0"]
[Result "1-0"]

1. e4 e6 2. Nc3 d5 3. exd5 exd5 4. Bb5+ Bd7 5. Qe2+ Qe7 6. Bxd7+ 
Nxd7 7. Nxd5 Qxe2+ 8. Nxe2 Bd6 9. B@g3 B@c6 10. Bxd6 Bxd5 11. Bxc7 Bxg2 
12. Q@e3+ P@e4 13. B@g4 Bxh1 14. Bxd7+ Kxd7 15. Qd4+ Kxc7 16. Qc5+ R@c6 17. P@d6+ 
Kd7 18. N@e5+ Ke6 19. Nf4+ Kf6 20. Nd7# 
{spurs checkmated} 1-0

[Event "fics rated crazyhouse match"]
[Site "fics, Oklahoma City, OK USA"]
[Date "2000.02.18"]
[White "spurs"]
[WhiteElo "2292"]
[Black "pminear"]
[BlackElo "2469"]
[TimeControl "60+0"]
[Result "0-1"]

1. d4 Nf6 2. Nf3 e6 3. Bg5 Be7 4. Nc3 Nc6 5. e4 d5 6. exd5 
Nxd5 7. Nxd5 exd5 8. Bxe7 Qxe7+ 9. P@e5 N@e4 10. Bb5 Nxf2 11. Kxf2 P@e4 
12. Bxc6+ bxc6 13. B@h4 f6 14. exf6 gxf6 15. Bxf6 Qxf6 16. P@e5 B@h4+ 17. P@g3 
P@e3+ 18. Kxe3 Qh6+ 19. P@f4 exf3 20. gxh4 N@g4+ 21. Kxf3 B@e4+ 22. Ke2 Qxf4 
23. B@h5+ B@g6 24. Bxg4 Bxg4+ 25. P@f3 Bgxf3+ 26. gxf3 Bxf3+ 27. Ke1 P@f2+ 28. Kxf2 
Bxd1+ 29. Ke1 Q@e2# 
{spurs checkmated} 0-1

[Event "fics rated crazyhouse match"]
[Site "fics, Oklahoma City, OK USA"]
[Date "2000.02.18"]
[White "pminear"]
[WhiteElo "2473"]
[Black "spurs"]
[BlackElo "2288"]
[TimeControl "60+0"]
[Result "1-0"]

1. e4 d5 2. exd5 Qxd5 3. Nc3 Qd8 4. Nf3 Nf6 5. d4 Bg4 6. Be2 
e6 7. Ne5 Bb4 8. Nxg4 Bxc3+ 9. bxc3 Nxg4 10. Bxg4 N@h4 11. B@f1 P@f5 
12. Bh5 h6 13. Bxf7+ Kxf7 14. N@e5+ Kf8 15. P@g6 Nd7 16. Nxd7+ Qxd7 17. N@e5 
Qe7 18. Nf7 Rg8 19. P@h7 N@f6 20. hxg8=Q+ Nxg8 21. R@h8 N@f6 22. B@h7 B@g4 
23. Bxg8 Nxg8 24. f3 Nxf3+ 25. gxf3 Bxf3 26. Qxf3 B@e4 27. B@h7 Ke8 28. Rxg8+ 
Kd7 29. Ne5+ Kd6 30. Ba3+ c5 31. Bxc5+ Kc7 32. P@d6+ Qxd6 33. Bxd6+ Kb6 
34. Q@c5# 
{spurs checkmated} 1-0

[Event "fics rated crazyhouse match"]
[Site "fics, Oklahoma City, OK USA"]
[Date "2000.02.18"]
[White "spurs"]
[WhiteElo "2284"]
[Black "pminear"]
[BlackElo "2477"]
[TimeControl "60+0"]
[Result "0-1"]

1. d4 Nf6 2. Nf3 e6 3. Bg5 Be7 4. Bxf6 Bxf6 5. e4 B@h5 6. Nc3 
Nc6 7. d5 Ne5 8. dxe6 Nxf3+ 9. gxf3 fxe6 10. N@f4 Bf7 11. N@h5 P@d4 
12. Nxf6+ Qxf6 13. Nh5 Bxh5 14. Nb5 N@a6 15. Nd6+ cxd6 16. Bxa6 Bxf3 17. N@c7+ 
Kf7 18. Nxa8 Bxd1 19. Kxd1 Q@f3+ 20. B@e2 Qxh1+ 21. B@f1 Qxf2 22. R@f3+ Qhxf3 
23. Bxf3 R@e1# 
{spurs checkmated} 0-1

[Event "fics rated crazyhouse match"]
[Site "fics, Oklahoma City, OK USA"]
[Date "2000.02.18"]
[White "pminear"]
[WhiteElo "2481"]
[Black "spurs"]
[BlackElo "2280"]
[TimeControl "60+0"]
[Result "0-1"]

1. e4 e6 2. Nc3 Bb4 3. Nf3 Bxc3 4. dxc3 Nf6 5. e5 Ng4 6. B@h4 
Qxh4 7. Nxh4 Nxf2 8. Kxf2 N@e4+ 9. Ke3 B@f2+ 10. Kxe4 Bxh4 11. N@h5 N@f2+ 
12. Kf3 Nxd1 13. Nxg7+ Kd8 14. N@e4 P@g4+ 15. Kxg4 Q@f5+ 16. Nxf5 exf5+ 17. Kxh4 
N@g6+ 18. Kg5 h6+ 19. Kf6 fxe4 20. P@g7 Re8 21. Bxh6 N@h7+ 22. Kf5 Rxe5+ 
23. Kg4 P@h5+ 24. Kg3 h4+ 25. Kh3 Nf2# 
{pminear checkmated} 0-1

[Event "fics rated crazyhouse match"]
[Site "fics, Oklahoma City, OK USA"]
[Date "2000.02.18"]
[White "spurs"]
[WhiteElo "2292"]
[Black "pminear"]
[BlackElo "2469"]
[TimeControl "60+0"]
[Result "0-1"]

1. d4 Nf6 2. Nc3 e6 3. Bg5 Be7 4. e4 d5 5. Bxf6 Bxf6 6. e5 
Bg5 7. Nf3 B@g4 8. Bb5+ Bd7 9. Bxd7+ Nxd7 10. B@e2 Bxf3 11. Bxf3 N@h4 
12. N@h5 Rg8 13. B@g3 Nxf3+ 14. Qxf3 B@g6 15. Nxg7+ Rxg7 16. P@f6 Rg8 17. N@g7+ 
Kf8 18. Nxd5 exd5 19. P@e7+ Qxe7 20. fxe7+ Bxe7 21. e6 Rxg7 22. exd7 P@d2+ 
23. Kf1 B@b5+ 24. N@d3 Bxd7 25. Be5 Rg8 26. Bxc7 P@e4 27. Qf4 exd3 28. P@d6 
P@e2+ 29. Kg1 e1=Q+ 30. Q@f1 N@e2# 
{spurs checkmated} 0-1

[Event "fics rated crazyhouse match"]
[Site "fics, Oklahoma City, OK USA"]
[Date "2000.02.18"]
[White "pminear"]
[WhiteElo "2473"]
[Black "spurs"]
[BlackElo "2288"]
[TimeControl "60+0"]
[Result "1-0"]

1. e4 e6 2. Nc3 d6 3. d4 Be7 4. Nf3 Bd7 5. Bd3 Nf6 6. O-O 
Nc6 7. e5 dxe5 8. dxe5 Nd5 9. Nxd5 exd5 10. N@h5 Rg8 11. Bxh7 N@h6 
12. Bxh6 gxh6 13. Bxg8 Kf8 14. P@g7# 
{spurs resigns} 1-0

[Event "fics rated crazyhouse match"]
[Site "fics, Oklahoma City, OK USA"]
[Date "2000.02.18"]
[White "spurs"]
[WhiteElo "2284"]
[Black "pminear"]
[BlackElo "2477"]
[TimeControl "60+0"]
[Result "0-1"]

1. d4 Nf6 2. Nf3 e6 3. Nc3 Nc6 4. Bg5 Bb4 5. Bxf6 Qxf6 6. e4 
B@a5 7. e5 Qg6 8. Bb5 Bxc3+ 9. bxc3 Bxc3+ 10. Kf1 Bxa1 11. Bxc6 N@f4 
12. N@d6+ cxd6 13. N@c7+ Kf8 14. exd6 Qxg2+ 15. Ke1 Bc3+ 16. P@d2 Qxh1+ 17. B@g1 
P@g2 18. dxc3 R@f1+ 19. Kd2 Rxd1+ 20. Kxd1 P@e2+ 21. Kd2 N@c4+ 22. Kc1 Q@b2# 
{spurs checkmated} 0-1

[Event "fics rated crazyhouse match"]
[Site "fics, Oklahoma City, OK USA"]
[Date "2000.02.18"]
[White "pminear"]
[WhiteElo "2481"]
[Black "spurs"]
[BlackElo "2280"]
[TimeControl "60+0"]
[Result "1-0"]

1. e4 d5 2. exd5 Qxd5 3. Nc3 Qd8 4. d4 Nf6 5. Nf3 Bg4 6. Be2 
Bxf3 7. Bxf3 e6 8. Bxb7 N@c6 9. Bxa8 Qxd4 10. R@c8+ Kd7 11. Qxd4+ Nxd4 
12. Q@d8# 
{spurs checkmated} 1-0

[Event "fics rated crazyhouse match"]
[Site "fics, Oklahoma City, OK USA"]
[Date "2000.02.18"]
[White "spurs"]
[WhiteElo "2276"]
[Black "pminear"]
[BlackElo "2485"]
[TimeControl "60+0"]
[Result "1-0"]

1. d4 Nf6 2. Nc3 e6 3. Bg5 Be7 4. e4 Nc6 5. Nf3 d5 6. exd5 
Nxd5 7. Bxe7 Qxe7 8. P@e5 B@a5 9. B@d2 Bxc3 10. Bxc3 N@e4 11. B@d2 P@b4 
12. Bxb4 Ncxb4 13. Bxb4 Qxb4+ 14. N@d2 Qxb2 15. Nxe4 B@b4+ 16. P@d2 B@g6 17. Bb5+ 
P@c6 18. N@d3 Qa3 19. Nxb4 Qxb4 20. Bd3 Nf4 21. B@f1 Nxd3+ 22. cxd3 N@f4 
23. N@f6+ gxf6 24. Nxf6+ Kd8 25. P@g7 Re8 26. Nxe8 N@b2 27. Nf6 Nbxd3+ 28. Bxd3 
Nxg2+ 29. Kf1 Bxd3+ 30. N@e2 Bd7 31. g8=Q+ B@e8 32. Qxe8+ Bxe8 33. Nxe8 Nf4 
34. B@f6+ P@e7 35. Bxe7+ Qxe7 36. Rg1 P@g2+ 37. Rxg2 Bxe2+ 38. Qxe2 Nxg2 39. Kxg2 
N@f4+ 40. Kf1 
{pminear forfeits on time} 1-0

[Event "fics rated crazyhouse match"]
[Site "fics, Oklahoma City, OK USA"]
[Date "2000.02.18"]
[White "pminear"]
[WhiteElo "2473"]
[Black "spurs"]
[BlackElo "2288"]
[TimeControl "60+0"]
[Result "1-0"]

1. e4 e6 2. Nc3 d6 3. d4 Nf6 4. Nf3 Nc6 5. d5 exd5 6. exd5 
Ne5 7. Nxe5 dxe5 8. Bb5+ Bd7 9. P@c6 bxc6 10. dxc6 Bf5 11. P@d7+ Ke7 
12. N@d5+ Ke6 13. Bg5 P@d4 14. Nxf6 gxf6 15. Bc4+ Kd6 16. N@b7+ Kxc6 17. Nxd8+ 
Rxd8 18. Q@d5+ Kb6 19. Qb5# 
{spurs checkmated} 1-0

[Event "fics rated crazyhouse match"]
[Site "fics, Oklahoma City, OK USA"]
[Date "2000.02.18"]
[White "spurs"]
[WhiteElo "2284"]
[Black "pminear"]
[BlackElo "2477"]
[TimeControl "60+0"]
[Result "1-0"]

1. d4 Nf6 2. Nc3 e6 3. e4 Bb4 4. Bd3 Nc6 5. Nf3 d5 6. exd5 
exd5 7. O-O Bxc3 8. bxc3 P@e4 9. Re1 Be6 10. Bg5 exf3 11. P@f5 fxg2 
12. fxe6 N@h3+ 13. Kxg2 Nxg5 14. exf7+ Kf8 15. B@e5 B@h3+ 16. Kg3 N@e4+ 17. Bxe4 
Nfxe4+ 18. Rxe4 Nxe4+ 19. Kxh3 B@e6+ 20. P@g4 Nxf2+ 21. Kg2 Nxd1 22. Bxg7+ Kxf7 
23. N@h6+ Ke7 24. B@f6+ Kd7 25. N@c5+ Kc8 26. Rxd1 P@f3+ 27. Kxf3 P@e4+ 28. Ke2 
P@f3+ 29. Kd2 R@e2+ 30. Kc1 Q@a1+ 31. N@b1 Qxf6 32. B@b2 Qxb2+ 33. Kxb2 Rxc2+ 
34. Ka3 P@d3 35. Kb3 B@b4 36. Ka4 b5+ 37. Kxb5 Rb8+ 38. Ka6 
{pminear forfeits on time} 1-0

[Event "fics rated crazyhouse match"]
[Site "fics, Oklahoma City, OK USA"]
[Date "2000.02.18"]
[White "embu"]
[WhiteElo "1916"]
[Black "LSS"]
[BlackElo "2531"]
[TimeControl "180+0"]
[Result "0-1"]

1. e4 e6 2. Nf3 d5 3. e5 c5 4. Nc3 Ne7 5. d4 Ng6 6. Be2 
Nc6 7. O-O cxd4 8. Nxd4 Ncxe5 9. Nf3 Bd6 10. Nxe5 Nxe5 11. Re1 N@h4 
12. Bf4 Nxg2 13. Kxg2 P@h3+ 14. Kg1 O-O 15. Bxe5 Bxe5 16. Bg4 Bxc3 17. bxc3 
B@f5 18. Bxf5 exf5 19. Qd3 B@e4 20. Qg3 N@f3+ 21. Kf1 P@g2+ 22. Ke2 P@g4 
23. P@d3 Nxe1 24. Rxe1 Bf3+ 25. Kd2 Re8 26. B@e3 R@f1 27. N@f4 Rxe1 28. Kxe1 
R@d1# 
{embu checkmated} 0-1

[Event "fics rated crazyhouse match"]
[Site "fics, Oklahoma City, OK USA"]
[Date "2000.02.18"]
[White "embu"]
[WhiteElo "1903"]
[Black "LSS"]
[BlackElo "2533"]
[TimeControl "240+0"]
[Result "0-1"]

1. e4 e6 2. Nf3 d5 3. exd5 exd5 4. d4 Nf6 5. P@g5 Ne4 6. Qe2 
Be7 7. h4 P@g3 8. Be3 gxf2+ 9. Bxf2 Nc6 10. c3 Bf5 11. P@d3 Nxf2 
12. Kxf2 P@e4 13. dxe4 dxe4 14. Nfd2 B@d3 15. Qe3 Bxb1 16. Rxb1 N@g4+ 17. Ke2 
Nxe3 18. Kxe3 Bc5 19. Nxe4 Bxd4+ 20. cxd4 Qxd4# 
{embu resigns} 0-1

[Event "fics rated crazyhouse match"]
[Site "fics, Oklahoma City, OK USA"]
[Date "2001.02.18"]
[White "LINDEGREN"]
[WhiteElo "2357"]
[Black "Tecumseh"]
[BlackElo "2291"]
[TimeControl "180+0"]
[Result "1-0"]

1. e4 Nc6 2. d4 Nf6 3. f3 d5 4. e5 Nd7 5. f4 e6 6. Nf3 
Be7 7. Bd3 Ndxe5 8. Nxe5 Bh4+ 9. g3 Nxd4 10. O-O Bf6 11. Ng4 P@h3 
12. Nxf6+ gxf6 13. N@g7+ Ke7 14. Be3 N@f3+ 15. Rxf3 Nxf3+ 16. Qxf3 P@g2 17. N@f2 
R@e1+ 18. B@f1 gxf1=R+ 19. Bxf1 B@e2 20. Qxe2 Rxe2 21. Nc3 Rxe3 22. B@c5+ B@d6 
23. Bxe3 Bxf4 24. Bxf4 P@g2 25. Bxg2 hxg2 26. Kxg2 Rg8 27. P@h6 Rxg7 28. hxg7 
B@e4+ 29. Ncxe4 dxe4 30. B@f8+ Ke8 31. Nxe4 Q@e2+ 32. N@f2 N@e3+ 33. Bxe3 Qxe3 
34. g8=Q B@f3+ 35. Kh3 N@f4+ 36. gxf4 Bxe4+ 37. R@g3 Bf5+ 38. P@g4 Qxg3+ 39. hxg3 
Kd7 40. Rd1+ R@d6 41. N@c5+ Kc6 42. B@b5+ Kxc5 43. Q@a4 N@g1+ 44. Kh2 N@g5 
45. Kg2 Ne2 46. R@c4+ Kb6 47. P@a5# 
{Tecumseh checkmated} 1-0

[Event "fics rated crazyhouse match"]
[Site "fics, Oklahoma City, OK USA"]
[Date "2001.02.18"]
[White "Tecumseh"]
[WhiteElo "2284"]
[Black "LINDEGREN"]
[BlackElo "2364"]
[TimeControl "180+0"]
[Result "1-0"]

1. e4 Nf6 2. e5 Nd5 3. Nc3 e6 4. Nxd5 exd5 5. d4 d6 6. Nf3 
Nc6 7. Bb5 Be7 8. N@h5 Rg8 9. exd6 cxd6 10. P@a6 Qa5+ 11. Bd2 Qxb5 
12. axb7 Qxb7 13. Qe2 P@e4 14. P@b5 exf3 15. bxc6 fxe2 16. cxb7 Bxb7 17. N@c7+ 
Kd7 18. Nxa8 Rxa8 19. R@c3 P@c4 20. Q@g4+ Q@e6 21. Qxe6+ fxe6 22. Nxg7 N@h4 
23. Q@f7 Nxg2+ 24. Kxe2 Q@e4+ 25. Kd1 B@g4+ 26. P@f3 Bxf3+ 27. Kc1 N@e2+ 28. Kb1 
Nxc3+ 29. Bxc3 P@d3 30. N@f6+ Kc6 31. Nxe4 dxc2+ 32. Kc1 N@e2+ 33. Kd2 Bxe4 
34. P@b5+ Kxb5 35. a4+ Kc6 36. Q@b5+ Kc7 37. Qxe7+ Kb8 38. Qbxb7# 
{LINDEGREN checkmated} 1-0

[Event "fics rated crazyhouse match"]
[Site "fics, Oklahoma City, OK USA"]
[Date "2001.02.18"]
[White "LINDEGREN"]
[WhiteElo "2354"]
[Black "Tecumseh"]
[BlackElo "2294"]
[TimeControl "180+0"]
[Result "0-1"]

1. e4 Nc6 2. Nc3 Nf6 3. d4 d5 4. exd5 Nxd5 5. Nf3 Nxc3 6. bxc3 
N@e4 7. Bd2 Bg4 8. Be2 e6 9. O-O Be7 10. N@e5 Bxf3 11. Bxf3 Nxd2 
12. P@d7+ Kf8 13. Qxd2 Nxe5 14. dxe5 N@g5 15. B@e2 N@e4 16. Bxe4 Nxe4 17. Qe3 
B@c6 18. N@d4 Qxd7 19. Nxc6 Qxc6 20. N@d4 B@b6 21. Nxc6 Bxe3 22. N@d7+ Ke8 
23. fxe3 P@f2+ 24. Rxf2 Nxf2 25. Kxf2 N@e4+ 26. Kg1 P@f2+ 27. Kh1 R@e1+ 28. Rxe1 
fxe1=Q+ 29. R@f1 Nf2# 
{LINDEGREN resigns} 0-1

[Event "fics rated crazyhouse match"]
[Site "fics, Oklahoma City, OK USA"]
[Date "2001.02.18"]
[White "Tecumseh"]
[WhiteElo "2303"]
[Black "LINDEGREN"]
[BlackElo "2345"]
[TimeControl "180+0"]
[Result "1-0"]

1. e4 Nf6 2. e5 Nd5 3. Nc3 e6 4. Nxd5 exd5 5. d4 d6 6. Nf3 
Nc6 7. Bb5 Be7 8. exd6 cxd6 9. N@h5 Rg8 10. Qe2 P@e4 11. Bxc6+ bxc6 
12. P@h6 B@g4 13. Nxg7+ Kf8 14. P@b7 Bxb7 15. Ng5 Bxg5 16. Qxg4 Bxc1 17. N@e6+ 
fxe6 18. Nxe6+ Ke7 19. Nxd8 P@d2+ 20. Kf1 Rxg4 21. Q@f7+ Kxd8 22. B@f6+ Kc8 
23. P@d7+ Kb8 24. d8=Q# 
{LINDEGREN forfeits on time} 1-0

[Event "fics rated crazyhouse match"]
[Site "fics, Oklahoma City, OK USA"]
[Date "2001.02.18"]
[White "LINDEGREN"]
[WhiteElo "2336"]
[Black "RFrancisco"]
[BlackElo "2434"]
[TimeControl "60+0"]
[Result "1-0"]

1. e4 Nf6 2. Nc3 d5 3. exd5 Nxd5 4. d4 Nxc3 5. bxc3 e5 6. Nf3 
Nc6 7. d5 Bc5 8. N@e4 Bxf2+ 9. Nxf2 O-O 10. Bd3 P@f5 11. dxc6 P@e4 
12. Nxe5 exd3 13. cxd3 bxc6 14. Nxc6 Qd5 15. Ne7# 
{RFrancisco resigns} 1-0

[Event "fics rated crazyhouse match"]
[Site "fics, Oklahoma City, OK USA"]
[Date "2001.02.18"]
[White "RFrancisco"]
[WhiteElo "2424"]
[Black "LINDEGREN"]
[BlackElo "2346"]
[TimeControl "60+0"]
[Result "1-0"]

1. e4 Nf6 2. Nc3 Nc6 3. Bc4 d5 4. exd5 Na5 5. Be2 Nxd5 6. Nf3 
e6 7. O-O Nf4 8. d4 Nxg2 9. Kxg2 P@g4 10. Ne5 P@f3+ 11. Bxf3 gxf3+ 
12. Qxf3 B@d5 13. P@e4 Bxe4 14. Nxe4 P@f5 15. B@h5 g6 16. N@f6+ Ke7 17. Bg5 
Bh6 18. Nd5+ Ke8 19. Nef6+ Qxf6 20. Nxf6+ Kd8 21. P@e7# 
{LINDEGREN resigns} 1-0

[Event "fics rated crazyhouse match"]
[Site "fics, Oklahoma City, OK USA"]
[Date "2001.02.18"]
[White "LINDEGREN"]
[WhiteElo "2340"]
[Black "RFrancisco"]
[BlackElo "2430"]
[TimeControl "60+0"]
[Result "1-0"]

1. e4 Nf6 2. Nc3 d5 3. exd5 Nxd5 4. d4 Nxc3 5. bxc3 e5 6. Nf3 
exd4 7. Nxd4 Nc6 8. Bb5 Bd7 9. Qe2+ Qe7 10. Bxc6 bxc6 11. N@e5 B@g4 
12. f3 P@f2+ 13. Kxf2 N@f6 14. Rf1 Bxf3 15. gxf3 P@h3 16. N@f5 Bxf5 17. Nxf5 
N@e4+ 18. fxe4 Qxe5 19. B@g3 Nxe4+ 20. Ke1 P@d2+ 21. Bxd2 Nxd2 22. Qxe5+ B@e6 
23. Qxe6+ fxe6 24. B@f7+ Kd8 25. Q@e8# 
{RFrancisco checkmated} 1-0